 Dungeon Crawl Stone Soup version 0.30.0-29-ga12c61a403 (webtiles) character file.

Game seed: 10324277321473177316

8 BONEBRO the Caller (level 2, -1/22 HPs)
             Began as a Merfolk Summoner on June 25, 2023.
             Frozen to death by an endoplasm (5 damage)
             ... on level 1 of the Dungeon.
             The game lasted 00:01:24 (171 turns).

BONEBRO the Caller (Merfolk Summoner)                Turns: 171, Time: 00:01:25

Health: -1/22      AC:  2    Str:  8    XL:     2   Next: 8%
Magic:  1/5        EV: 12    Int: 14    God:
Gold:   0          SH:  0    Dex: 14    Spells: 4/5 levels left

rFire   . . .        e - +0 long sword
rCold   . . .        (no shield)
rNeg    . . .        a - +0 robe
rPois   .            (no helmet)
rElec   .            (no cloak)
rCorr   .            (no gloves)
SInv    .            (no boots)
Will    .....        (no amulet)
Stlth   ++           (no ring)
HPRegen 0.23/turn    (no ring)
MPRegen 0.09/turn

%: no passive effects
@: no status effects
A: (nimble swimmer 2), mertail
a: no special abilities


You were on level 1 of the Dungeon.
You visited 1 branch of the dungeon, and saw 1 of its levels.

Inventory:

Hand Weapons
 e - a +0 long sword (weapon)
Armour
 a - a +0 robe (worn)
Scrolls
 d - a scroll of torment {unknown}
Potions
 b - a potion of magic
 c - a potion of attraction {unknown}
 f - 2 potions of degeneration {unknown}


   Skills:
 + Level 1.9 Fighting
 - Level 2.6 Dodging
 - Level 2.1 Stealth
 - Level 2.0 Spellcasting
 - Level 4.0 Summonings


You had 4 spell levels left.
You knew the following spells:

 Your Spells              Type           Power      Damage    Failure   Level
a - Summon Small Mammal   Summ           48%        N/A       4%          1

Your spell library contained the following spells:

 Spells                   Type           Power      Damage    Failure   Level
 Call Imp                 Summ           24%        N/A       7%          2
 Call Canine Familiar     Summ           12%        N/A       14%         3
 Summon Guardian Golem    Hex/Summ       7%         N/A       30%         3
 Summon Lightning Spire   Summ/Air       7%         N/A       71%         4


Dungeon Overview and Level Annotations

Branches:
Dungeon (1/15)

Altars:


Innate Abilities, Weirdness & Mutations

((You are very nimble when in or above water. (Stealth+, EV+, Speed+++)))
Your lower body shifts to a powerful aquatic tail in water.


Message History

Your bat hits the hobgoblin but does no damage.
Your bat closely misses the kobold.
The hobgoblin hits your bat. The kobold misses your bat.
Your bat hits the hobgoblin.
The hobgoblin completely misses your bat.
The kobold misses your bat.
Your bat hits the hobgoblin.
Your bat closely misses the kobold.
The hobgoblin barely misses your bat.
The kobold hits your bat with a +0 club.
Your bat misses the kobold.
Your bat barely misses the hobgoblin.
Your bat hits the kobold but does no damage.
The hobgoblin hits your bat.
Your bat dies!
Your bat's corpse disappears in a puff of smoke!
You hit the kobold but do no damage. The endoplasm barely misses your rat.
The kobold closely misses you.
Your rat bites the endoplasm.
The endoplasm misses your rat. The kobold closely misses you.
You barely miss the kobold.
Your rat bites the endoplasm.
The endoplasm barely misses your rat. The kobold hits you with a +0 club.
You slash the kobold!
You kill the kobold!
Your rat bites the endoplasm.
The endoplasm hits your rat.
Your rat dies!
Your rat's corpse disappears in a puff of smoke!
The hobgoblin closely misses you.
You have reached level 2!
You barely miss the hobgoblin.
The hobgoblin is heavily wounded.
The hobgoblin hits you.
You hit the hobgoblin.
You kill the hobgoblin!
The endoplasm freezes you.
You are frozen.
* * * LOW HITPOINT WARNING * * *
You hit the endoplasm but do no damage.
The endoplasm is almost dead.
The endoplasm freezes you.
You are frozen.
You die...

. ###########
....##########.........#
......J@).†............#
$...#####)###...........
..........###...........
........?.............#
......................#
.....###..............#
?.... #..............#
.... #........#.#####
... ##...##.##.#


You could see an endoplasm.

Vanquished Creatures
  An endoplasm (D:1)
  A hobgoblin (D:1)
  2 kobolds (D:1)
  A goblin (D:1)
  A rat (D:1)
6 creatures vanquished.

Vanquished Creatures (collateral kills)
  A quokka (D:1)
  A ball python (D:1)
2 creatures vanquished.

Grand Total: 8 creatures vanquished

Notes
Turn   | Place    | Note
-------+----------+-------------------------------------------
     0 | D:1      | BONEBRO the Merfolk Summoner began the quest for the Orb.
     0 | D:1      | Reached XP level 1. HP: 13/13 MP: 3/3
   137 | D:1      | Reached skill level 1 in Fighting
   169 | D:1      | Reached XP level 2. HP: 9/22 MP: 1/5
   171 | D:1      | Frozen to death by an endoplasm

Illustrated notes

Levels and vault maps discovered:
D:1:      dpeg_arrival_pits, layout_rooms, shapermc_ecumenical_altar_pompeii

Skill      XL: |  1 |
---------------+----+-----
Fighting       | 1 |  1.9
Dodging        | |  2.6
Stealth        | |  2.1
Spellcasting   | |  2.0
Summonings     | |  4.0

Action                     || total
---------------------------++-------
  Melee: Long sword        ||    16
         Unarmed           ||     1
   Cast: Summon Small Mamm ||     8
 Armour: Robe              ||     3
  Dodge: Dodged            ||    15
